 Dungeon Crawl Stone Soup version 0.26-a0-478-g6c97825307 (webtiles) character file.

Game seed: 8481799902670498949

8238 Infinimo the Destroyer (level 11, -8/74 HPs)
             Began as a Hill Orc Conjurer on Aug 1, 2020.
             Was an Initiate of Gozag.
             Mangled by a komodo dragon (28 damage)
             ... on level 11 of the Dungeon.
             The game lasted 00:24:16 (23380 turns).

Infinimo the Destroyer (Hill Orc Conjurer)         Turns: 23380, Time: 00:24:17

Health: -8/74      AC:  4    Str: 11    XL:     11   Next: 27%
Magic:  11/22      EV: 12    Int: 21    God:    Gozag
Gold:   1500       SH:  0    Dex:  9    Spells: 20/25 levels left

rFire    . . .     SeeInvis .   b - +2 dagger (drain)
rCold    + . .     Faith    .   (no shield)
rNeg     . . .     Spirit   .   o - +0 robe {rC+}
rPois    .         Reflect  .   w - +2 hat
rElec    .         Harm     .   g - -1 cloak
rCorr    +                      (no gloves)
MR       +....                  (no boots)
Stlth    ++........             (no amulet)
HPRegen  0.22/turn              s - ring of protection from magic
MPRegen  0.18/turn              y - ring of resist corrosion

@: very slightly contaminated
A: no striking features
a: Potion Petition, Call Merchant, Bribe Branch, Renounce Religion


You were on level 11 of the Dungeon.
You worshipped Gozag.
Gozag was most pleased with you.
You visited 3 branches of the dungeon, and saw 14 of its levels.
You also visited: Ossuary.

You collected 1722 gold pieces.
You paid 222 gold pieces to Gozag.

Inventory:

Hand Weapons
 b - a +2 dagger of draining (weapon)
Missiles
 q - 96 stones (quivered)
Armour
 g - a -1 cloak (worn)
 o - a +0 robe of cold resistance (worn)
 w - a +2 hat (worn)
Jewellery
 s - a ring of protection from magic (left hand)
 y - a ring of resist corrosion (right hand)
Wands
 a - a wand of acid (9)
 h - a wand of iceblast (4)
Scrolls
 c - 2 scrolls of magic mapping
 d - 2 scrolls of identify
 j - 8 scrolls of remove curse
 k - a scroll of vulnerability
 p - 5 scrolls of enchant weapon
 r - 2 scrolls of enchant armour
 t - 2 scrolls of amnesia
Potions
 e - 6 potions of curing
 i - 2 potions of flight
 l - 2 potions of might
 m - 3 potions of resistance
 n - 3 potions of invisibility
 u - a potion of ambrosia
 v - a potion of mutation


   Skills:
 - Level 1.5 Dodging
 - Level 1.5 Stealth
 + Level 7.9 Spellcasting
 * Level 14.0 Conjurations


You had 20 spell levels left.
You knew the following spells:

 Your Spells              Type           Power        Failure   Level
a - Magic Dart            Conj           ####         1%          1
b - Iskenderun's Mystic   Conj/Tloc      #####...     4%          4

Your spell library contained the following spells:

 Spells                   Type           Power        Failure   Level
 Searing Ray              Conj           ######       1%          2
 Dazzling Flash           Conj/Hex       #####.       1%          3
 Fulminant Prism          Conj/Hex       #####.....   4%          4
 Confusing Touch          Hex            #.......     24%         3
 Gell's Gravitas          Tloc           #.........   24%         3
 Petrify                  Tmut/Erth      #.......     63%         4
 Metabolic Englaciation   Hex/Ice        #.........   92%         5
 Yara's Violent Unravell  Hex/Tmut       #.........   92%         5


Dungeon Overview and Level Annotations

Branches:
Dungeon (12/15)            Temple (1/1) D:6            Lair (1/6) D:11
Ossuary (visited)
    Orc: D:9-12

Altars:
Ashenzari
Cheibriados
Dithmenos
Elyvilon
Fedhas
Gozag
Hepliaklqana
Kikubaaqudgha
Makhleb
Nemelex Xobeh
Okawaru
Qazlal
Ru
Sif Muna
Trog
Uskayaw
Vehumet
Wu Jian
Xom
Yredelemnul
Zin
The Shining One

Annotations:
D:8 Harold


Message History

The mystic blast hits the rime drake!
The rime drake is moderately wounded.
The rime drake is knocked back by the mystic blast.
The komodo dragon bites you. The komodo dragon bites you!
You climb upwards.
Welcome back to the Dungeon!
There is a staircase to the Lair, spattered with blood here.
Casting: Iskenderun's Mystic Blast (dangerous; 4% risk of failure)
Confirm with . or Enter, or press ? or * to list all spells.
You erupt in a blast of force!
The mystic blast hits the plant.
The mystic blast hits the komodo dragon but does no damage.
The komodo dragon bites you!!
* * * LOW HITPOINT WARNING * * *
Casting: Iskenderun's Mystic Blast (dangerous; 4% risk of failure)
Confirm with . or Enter, or press ? or * to list all spells.
You miscast Iskenderun's Mystic Blast.
You are very lightly contaminated with residual magic.
Nothing appears to happen.
The komodo dragon bites you!!
You die...
Your body crumbles into a pile of gold.

......# #...#..##...#.# #..
....).####.#.#..##..<#.# ##.
......#....#.##.##...#.# #.
#######.####...[.#...#.# #.
#.# ###.....########## #. #.#
##.........##.....# ##
###.###.......P...#.....#####
#........).l...............##
#.##........@............#.##
#............................
###.}.#...........#........##
#...##.........##......###
#...####.....#########.#
#...# ###..^..........# #...#
############### #...# #...#


You could see a komodo dragon.

Vanquished Creatures
  A wolf spider zombie (D:10)
  Joseph (D:8)
  A centaur skeleton (D:10)
  A komodo dragon (D:11)
  2 hippogriffs
  3 yaks (D:11)
  A wraith (D:10)
  2 wargs (D:10)
  A sky beast (D:11)
  4 orc warriors
  4 phantoms
  A necrophage (D:7)
  2 ice beasts
  2 black bears
  3 centaurs
  2 ogres
  2 crocodiles (D:9)
  3 elf zombies (Ossuary)
  3 big kobolds
  Blork the orc (D:6)
  7 bullfrogs
  A wyvern skeleton (D:11)
  2 scorpions
  12 killer bees
  4 wights
  The ghost of paps the Insei, a weakling OpTm (D:3)
  A bullfrog zombie (D:11)
  7 centaur zombies
  3 hounds
  A quasit (D:9)
  9 orc priests
  2 jellies
  2 bullfrog skeletons
  4 iguanas
  Natasha (D:2)
  8 orc wizards
  6 worker ants
  2 big kobold zombies (Ossuary)
  2 hound zombies (Ossuary)
  A hound skeleton (D:10)
  3 mummies (Ossuary)
  2 worker ant zombies
  12 adders
  8 river rats (D:6)
  A shadow imp (D:5)
  2 white imps
  3 worker ant simulacra (D:3)
  An ufetubus (D:7)
  3 oozes
  4 adder zombies
  A worm (D:3)
  3 dart slugs
  An adder simulacrum (D:3)
  6 leopard geckos
  31 orcs
  15 bats
  5 giant cockroaches
  12 goblins
  14 hobgoblins
  6 jackals
  20 kobolds
  11 quokkas
  A ball python (D:3)
  6 frilled lizards
  A giant cockroach simulacrum (D:3)
  2 goblin zombies (Ossuary)
  A hobgoblin zombie (Ossuary)
  5 jackal zombies (Ossuary)
  2 kobold zombies (Ossuary)
  2 quokka skeletons
  4 quokka zombies
  19 rats
  5 rat zombies (Ossuary)
328 creatures vanquished.

Notes
Turn   | Place    | Note
-------+----------+-------------------------------------------
     0 | D:1      | Infinimo the Hill Orc Conjurer began the quest for the Orb.
     0 | D:1      | Reached XP level 1. HP: 14/14 MP: 3/3
    59 | D:1      | Reached XP level 2. HP: 6/20 MP: 0/4
   378 | D:1      | Reached XP level 3. HP: 10/26 MP: 0/5
  1366 | D:1      | Reached skill level 5 in Conjurations
  1664 | D:2      | Reached XP level 4. HP: 33/33 MP: 3/7
  2471 | D:2      | Found a glowing golden altar of the Shining One.
  2597 | D:2      | Noticed Natasha
  2911 | D:2      | Killed Natasha
  3011 | D:3      | Reached XP level 5. HP: 38/38 MP: 3/8
  3500 | D:3      | Reached skill level 6 in Conjurations
  3651 | D:3      | Reached XP level 6. HP: 38/45 MP: 0/10
  3792 | D:3      | Learned a level 2 spell: Searing Ray
  3844 | D:3      | Found a runed translucent gate.
  3844 | D:3      | Found a runed translucent gate.
  3844 | D:3      | Found a runed translucent gate.
  3970 | D:3      | Noticed paps's ghost (weakling OpTm)
  3994 | D:3      | Noticed a phantom
  4041 | D:3      | Killed a phantom
  4414 | D:3      | Found an ornate altar of the Wu Jian Council.
  4662 | D:3      | Killed paps's ghost
  4848 | D:3      | Learned a level 4 spell: Iskenderun's Mystic Blast
  5150 | D:4      | Reached skill level 7 in Conjurations
  5150 | D:4      | Reached XP level 7. HP: 35/50 MP: 3/12
  6170 | D:4      | Found a shimmering blue altar of Sif Muna.
  6492 | D:5      | Entered Level 5 of the Dungeon
  7180 | D:5      | Found a sand-covered staircase.
  7195 | Ossuary  | Entered an ossuary
  7544 | Ossuary  | Reached skill level 8 in Conjurations
  7938 | Ossuary  | Reached XP level 8. HP: 51/57 MP: 1/14
  9114 | D:5      | You fall into a shaft and drop 3 floors!
  9316 | D:7      | Found a bloodstained altar of Trog.
  9512 | D:5      | Reached skill level 9 in Conjurations
 10313 | D:6      | Found a staircase to the Ecumenical Temple.
 10332 | D:6      | Noticed Blork the orc
 10340 | D:6      | Killed Blork the orc
 10503 | D:6      | Reached skill level 5 in Spellcasting
 10554 | D:6      | Found a bloodstained altar of Trog.
 10834 | D:6      | Reached XP level 9. HP: 62/62 MP: 8/16
 11019 | D:6      | Reached skill level 10 in Conjurations
 11674 | Temple   | Entered the Ecumenical Temple
 11679 | Temple   | Became a worshipper of Gozag Ym Sagoz the Greedy
 12336 | D:7      | Found a blossoming altar of Fedhas.
 12726 | D:7      | Found a stormy altar of Qazlal.
 13512 | D:8      | Found a shimmering altar of Xom.
 13512 | D:8      | Found a shimmering altar of Xom.
 13512 | D:8      | Found a shimmering altar of Xom.
 13512 | D:8      | Found a shimmering altar of Xom.
 13555 | D:8      | Found a basalt altar of Yredelemnul.
 13559 | D:8      | Noticed Joseph
 13585 | D:8      | Killed Joseph
 13585 | D:8      | Reached skill level 11 in Conjurations
 14090 | D:8      | Found a shadowy altar of Dithmenos.
 14400 | D:8      | Reached XP level 10. HP: 45/69 MP: 9/19
 14752 | D:8      | Found a shattered altar of Ashenzari.
 14947 | D:8      | Noticed Harold
 15769 | D:8      | Found a shimmering altar of Xom.
 15820 | D:8      | Noticed a black mamba
 15909 | D:9      | Reached skill level 12 in Conjurations
 17822 | D:9      | Found a glowing silver altar of Zin.
 19090 | D:10     | Entered Level 10 of the Dungeon
 19875 | D:10     | Reached skill level 13 in Conjurations
 20732 | D:11     | Found a staircase to the Lair.
 20983 | D:11     | Found a radiant altar of Vehumet.
 21224 | D:11     | Noticed a four-headed hydra
 21377 | D:10     | Reached XP level 11. HP: 49/74 MP: 9/22
 23078 | D:12     | Noticed a brown ugly thing
 23132 | Lair:1   | Entered Level 1 of the Lair of Beasts
 23150 | D:11     | Reached skill level 14 in Conjurations
 23380 | D:11     | Mangled by a komodo dragon

Illustrated notes

Levels and vault maps discovered:
D:1:      minmay_arrival_up_and_down, layout_basic
D:2:      layout_loops_ring, tso_altar, lightli_corner_chamber, uniq_natasha
D:3:      layout_rooms, nicolae_overflow_crystal_walls, gammafunk_ghost_icy
D:4:      layout_layer_cave, led_sif_pool, minmay_misc_feat_rows
D:5:      layout_gridville, enter_ossuary_1
D:6:      lemuel_ratsnest, layout_rooms, lemuel_doored_altar,
          minmay_temple_entry_butterflies, uniq_blork_the_orc
D:7:      layout_basic, lemuel_round_altar, grunt_qazlal_sundering, basic_altar
D:8:      layout_loops_ring, kennysheep_mini, nicolae_overflow_hidden_temple,
          xom_shifter_show, kennysheep_little_box, enter_bailey_2, uniq_joseph,
          uniq_harold
D:9:      layout_irregular_city, marbit_many_paths, corexii_checkpoint_a,
          kennysheep_generic_room_3
D:10:     layout_loops_cross
D:11:     layout_basic, erik_lair_orcish_takeover, basic_altar
D:12:     layout_loops_ring, david_orc_1_choice, nicolae_underground_beach
Temple:   minmay_freezing_vapour_temple
Lair:1:   layout_small_grid, uniq_urug

Skill      XL: |  1  2  3  4  5  6  7  8  9 10 11 |
---------------+----------------------------------+-----
Spellcasting   | 2 3 4 5 6 7 |  7.9
Conjurations   | 5 6 7 8 9 11 13 14 | 14.0
Dodging        | |  1.5
Stealth        | |  1.5

Action                   |  1- 3 |  4- 6 |  7- 9 | 10-12 || total
-------------------------+-------+-------+-------+-------++-------
Melee: Unarmed           |     8 |       |       |       ||     8
       Dagger            |    29 |    37 |   238 |    78 ||   382
       Quarterstaff      |       |       |     4 |       ||     4
 Cast: Magic Dart        |    62 |   164 |   450 |   372 ||  1048
       Iskenderun's Myst |       |       |    24 |    94 ||   118
Invok: Potion Petition   |       |       |     1 |       ||     1
  Use: Scroll            |       |     7 |     8 |    10 ||    25
       Potion            |       |       |     7 |     5 ||    12
 Stab: Sleeping          |       |       |     2 |       ||     2
Armor: Robe              |     9 |     9 |    89 |    66 ||   173
       Skin              |       |       |     6 |       ||     6
Dodge: Dodged            |    35 |    54 |   275 |   170 ||   534

Table legend: (Time is in decaauts)
 A = Elapsed time spent in this place.
 B = Non-inter-level travel time spent in this place.
 C = Inter-level travel time spent in this place.
 D = Time resting spent in this place.
 E = Time spent auto-exploring this place.
 F = Levels seen in this place.
 G = Mean time per level.
                   A        B        C        D        E       F      G
               +--------+--------+--------+--------+--------+-----+--------+
         Total |  23396 |  22718 |    678 |   1216 |  18686 |  15 | 1559.7 |
       Dungeon |  21500 |  20827 |    673 |   1178 |  17151 |  12 | 1791.7 |
        Temple |     10 |      5 |      5 |      0 |      0 |   1 |   10.0 |
          Lair |     19 |     19 |      0 |      0 |      1 |   1 |   19.0 |
       Ossuary |   1865 |   1865 |      0 |     38 |   1534 |   1 | 1865.0 |
               +--------+--------+--------+--------+--------+-----+--------+

Top non-repeatable levels by time:
     D:9: 3132 daAuts
     D:8: 2406 daAuts
    D:10: 2153 daAuts
    D:11: 2120 daAuts
     D:6: 1957 daAuts
 Ossuary: 1865 daAuts
     D:7: 1857 daAuts
     D:4: 1836 daAuts
     D:2: 1687 daAuts
     D:1: 1660 daAuts
     D:3: 1504 daAuts
     D:5: 1176 daAuts
  Lair:1: 19 daAuts
  Temple: 10 daAuts
    D:12: 7 daAuts
